[ AOE2 MATCH · #506236805 ]
UnrankedPersians vs Celts
Player's team · WIN
Rival team · LOSS
[ REPLAY ANALYSIS · EXTRACTED FROM THE RECORDED GAME ]
Feudal
13:35
Castle
17:56
Imperial
32:24
| APM avg | 39.7 |
| APM peak | 78 |
| eAPM avg | 20.9 |
| Villagers / military | 110 / 64 |
Focus
⚔️ 32.9% · 🌾 67.1%
Hand Cannoneer ×28 · Skirmisher ×10 · Knight ×7 · Mangonel ×7 · Monk ×5 · Archer ×4
Feudal
12:59
Castle
20:12
Imperial
34:18
| APM avg | 57.5 |
| APM peak | 110 |
| eAPM avg | 30.3 |
| Villagers / military | 178 / 78 |
Focus
⚔️ 27.1% · 🌾 72.9%
Spearman ×30 · Scorpion ×22 · Militia ×13 · Battering Ram ×4 · Monk ×3 · Mangonel ×2
Match map
Initial resources + every placement click. Lines = walls · curves = elevation contours. ◆ gold · ⬟ stone · ● berries · ✦ relic · ◌ wall gap
Your base· ✓ Closed at 17:56 · 33t walls · 2 gate(s)
Oni.FeAge's base· Open — opponent sealed themselves in
Smoothed initial terrain · ◌ = detected wall gap · hover for details
Inputs per minute
— AKD - - Oni.FeAge
Build order — AKD
First 150 of 356 actions detected
| 0:00 | Create | Villager (Male) |
| 0:01 | Create | Villager (Male) |
| 0:05 | Build | House |
| 0:07 | Build | House |
| 0:20 | Create | Villager (Male) |
| 0:20 | Create | Villager (Male) |
| 0:31 | Create | Villager (Male) |
| 1:31 | Create | Villager (Male) |
| 1:31 | Create | Villager (Male) |
| 2:03 | Build | Lumber Camp |
| 2:19 | Create | Villager (Male) |
| 2:20 | Create | Villager (Male) |
| 2:51 | Create | Villager (Male) |
| 2:56 | Build | Palisade Gate |
| 2:59 | Build | Palisade Wall |
| 3:02 | Build | House |
| 3:11 | Create | Villager (Male) |
| 3:27 | Create | Villager (Male) |
| 3:41 | Build | Palisade Wall |
| 3:42 | Build | Palisade Wall |
| 3:43 | Build | Palisade Wall |
| 3:47 | Create | Villager (Male) |
| 4:04 | Build | House |
| 4:05 | Build | House |
| 4:15 | Create | Villager (Male) |
| 4:38 | Build | Mill |
| 4:46 | Create | Villager (Male) |
| 4:52 | Research | Loom |
| 4:59 | Create | Villager (Male) |
| 5:05 | Build | Palisade Wall |
| 5:06 | Build | Palisade Wall |
| 5:06 | Build | Palisade Wall |
| 5:07 | Build | Palisade Wall |
| 5:16 | Create | Villager (Male) |
| 5:23 | Build | Palisade Wall |
| 5:24 | Build | Palisade Wall |
| 5:40 | Create | Villager (Male) |
| 5:44 | Build | Palisade Wall |
| 5:45 | Build | Palisade Wall |
| 6:21 | Create | Villager (Male) |
| 6:32 | Create | Villager (Male) |
| 7:04 | Build | Palisade Wall |
| 7:09 | Build | Palisade Wall |
| 7:22 | Create | Villager (Male) |
| 7:22 | Create | Villager (Male) |
| 7:28 | Create | Villager (Male) |
| 7:40 | Build | Palisade Wall |
| 7:47 | Build | Palisade Wall |
| 7:48 | Build | Palisade Wall |
| 7:49 | Build | Palisade Wall |
| 7:51 | Build | Palisade Wall |
| 7:51 | Build | Palisade Wall |
| 7:52 | Build | Palisade Wall |
| 7:53 | Build | Palisade Wall |
| 7:53 | Build | Palisade Wall |
| 7:58 | Create | Villager (Male) |
| 8:13 | Create | Villager (Male) |
| 8:35 | Build | Palisade Wall |
| 8:36 | Build | Palisade Wall |
| 8:38 | Build | Palisade Wall |
| 8:40 | Build | Palisade Wall |
| 8:42 | Build | Palisade Wall |
| 8:48 | Create | Villager (Male) |
| 8:57 | Build | Palisade Wall |
| 8:58 | Build | Palisade Wall |
| 8:59 | Build | Palisade Wall |
| 9:09 | Build | Palisade Wall |
| 9:11 | Build | House |
| 9:26 | Create | Villager (Male) |
| 9:28 | Build | House |
| 9:34 | Create | Villager (Male) |
| 9:40 | Build | Lumber Camp |
| 9:57 | Create | Villager (Male) |
| 10:05 | Build | Farm |
| 10:05 | Build | Farm |
| 10:35 | Build | Mining Camp |
| 10:47 | Build | Farm |
| 10:52 | Build | Farm |
| 10:55 | Create | Villager (Male) |
| 11:16 | Research | Feudal Age |
| 11:37 | Build | Palisade Gate |
| 11:51 | Build | Palisade Wall |
| 11:54 | Build | Farm |
| 11:57 | Build | Farm |
| 12:37 | Build | Barracks |
| 13:19 | Create | Villager (Male) |
| 13:34 | Create | Villager (Male) |
| 13:35 | Age | Feudal Age |
| 13:37 | Build | Stable |
| 13:58 | Create | Villager (Male) |
| 14:11 | Build | Blacksmith |
| 14:19 | Create | Villager (Male) |
| 14:23 | Build | Farm |
| 14:38 | Build | House |
| 14:40 | Build | House |
| 14:52 | Build | House |
| 15:01 | Build | Farm |
| 15:28 | Build | Farm |
| 15:30 | Build | Farm |
| 15:30 | Research | Castle Age |
| 15:36 | Build | Farm |
| 16:06 | Research | Double-Bit Axe |
| 16:11 | Build | Farm |
| 16:37 | Research | Horse Collar |
| 17:06 | Create | Villager (Male) |
| 17:25 | Create | Villager (Male) |
| 17:56 | Age | Castle Age |
| 17:57 | Build | Town Center |
| 17:59 | Create | Knight |
| 17:59 | Create | Knight |
| 18:22 | Research | Bow Saw |
| 18:22 | Research | Bow Saw |
| 18:48 | Build | Farm |
| 18:48 | Build | Farm |
| 18:50 | Build | Farm |
| 18:56 | Create | Knight |
| 18:58 | Build | Farm |
| 19:07 | Create | Villager (Male) |
| 19:07 | Create | Villager (Male) |
| 19:22 | Build | Farm |
| 19:24 | Build | Farm |
| 19:28 | Build | Farm |
| 19:30 | Create | Villager (Male) |
| 19:55 | Create | Knight |
| 19:55 | Create | Knight |
| 20:07 | Build | Farm |
| 20:17 | Build | Monastery |
| 20:20 | Build | Farm |
| 20:23 | Create | Villager (Male) |
| 20:23 | Create | Villager (Male) |
| 20:23 | Create | Villager (Male) |
| 20:44 | Build | Farm |
| 20:44 | Build | Farm |
| 20:45 | Build | Farm |
| 20:45 | Create | Villager (Male) |
| 20:46 | Create | Villager (Male) |
| 20:46 | Create | Villager (Male) |
| 20:49 | Build | House |
| 20:50 | Build | House |
| 21:02 | Build | House |
| 21:02 | Build | House |
| 21:09 | Create | Villager (Male) |
| 21:10 | Create | Villager (Male) |
| 21:11 | Create | Monk |
| 21:58 | Create | Monk |
| 22:02 | Build | Farm |
| 22:05 | Build | Mining Camp |
| 22:06 | Create | Villager (Male) |
| 22:07 | Create | Villager (Male) |
| 22:07 | Create | Villager (Male) |
Build order — Oni.FeAge
First 150 of 393 actions detected
| 0:00 | Create | Villager (Male) |
| 0:00 | Create | Villager (Male) |
| 0:02 | Build | House |
| 0:03 | Build | House |
| 0:04 | Create | Villager (Male) |
| 0:10 | Create | Villager (Male) |
| 1:24 | Create | Villager (Male) |
| 1:54 | Create | Villager (Male) |
| 2:25 | Create | Villager (Male) |
| 2:39 | Create | Villager (Male) |
| 2:42 | Build | Barracks |
| 3:20 | Build | House |
| 3:21 | Create | Villager (Male) |
| 3:35 | Create | Militia |
| 3:38 | Research | Loom |
| 3:50 | Create | Militia |
| 4:08 | Create | Villager (Male) |
| 4:32 | Create | Villager (Male) |
| 4:44 | Create | Militia |
| 5:04 | Create | Villager (Male) |
| 5:04 | Create | Villager (Male) |
| 5:09 | Build | House |
| 5:30 | Create | Villager (Male) |
| 6:01 | Create | Villager (Male) |
| 6:11 | Create | Militia |
| 6:12 | Create | Militia |
| 6:28 | Create | Villager (Male) |
| 6:31 | Build | Lumber Camp |
| 6:34 | Create | Militia |
| 6:54 | Create | Villager (Male) |
| 7:05 | Build | House |
| 7:11 | Create | Villager (Male) |
| 7:40 | Build | Palisade Wall |
| 7:53 | Create | Villager (Male) |
| 7:58 | Create | Villager (Male) |
| 8:07 | Build | Mill |
| 8:44 | Create | Villager (Male) |
| 8:46 | Create | Militia |
| 8:54 | Build | House |
| 8:55 | Build | Palisade Wall |
| 9:03 | Create | Villager (Male) |
| 9:16 | Build | Farm |
| 9:17 | Create | Villager (Male) |
| 9:49 | Create | Villager (Male) |
| 9:56 | Build | Farm |
| 10:22 | Create | Villager (Male) |
| 10:38 | Research | Feudal Age |
| 10:42 | Build | Palisade Wall |
| 10:53 | Build | Mining Camp |
| 11:11 | Build | Palisade Wall |
| 11:14 | Build | Farm |
| 11:25 | Build | House |
| 11:28 | Build | Palisade Gate |
| 11:35 | Build | Farm |
| 11:42 | Create | Militia |
| 11:53 | Build | Farm |
| 11:58 | Build | Farm |
| 12:05 | Create | Militia |
| 12:32 | Create | Militia |
| 12:43 | Build | Farm |
| 12:47 | Build | Farm |
| 12:58 | Create | Villager (Male) |
| 12:59 | Age | Feudal Age |
| 13:05 | Build | Market |
| 13:12 | Build | Farm |
| 13:14 | Research | Man-at-Arms (upgrade) |
| 13:21 | Build | Farm |
| 13:34 | Build | Farm |
| 13:40 | Create | Villager (Male) |
| 13:41 | Create | Villager (Male) |
| 13:44 | Build | Farm |
| 13:53 | Build | House |
| 14:06 | Create | Villager (Male) |
| 14:07 | Create | Villager (Male) |
| 14:09 | Build | Farm |
| 14:25 | Research | Arson |
| 14:31 | Create | Villager (Male) |
| 14:34 | Build | Farm |
| 14:37 | Create | Villager (Male) |
| 14:48 | Build | House |
| 15:01 | Create | Villager (Male) |
| 15:03 | Build | Farm |
| 15:25 | Build | Farm |
| 15:28 | Create | Villager (Male) |
| 15:30 | Build | House |
| 15:55 | Create | Villager (Male) |
| 16:59 | Create | Villager (Male) |
| 17:06 | Build | Blacksmith |
| 17:15 | Create | Militia |
| 17:32 | Research | Castle Age |
| 17:51 | Create | Militia |
| 18:11 | Research | Forging |
| 18:27 | Research | Double-Bit Axe |
| 18:39 | Create | Militia |
| 18:52 | Build | House |
| 19:06 | Research | Gold Mining |
| 19:23 | Build | House |
| 19:56 | Create | Spearman |
| 20:12 | Age | Castle Age |
| 20:14 | Create | Villager (Male) |
| 20:15 | Create | Villager (Male) |
| 20:17 | Build | Monastery |
| 20:19 | Create | Spearman |
| 20:25 | Build | Lumber Camp |
| 20:28 | Research | Bow Saw |
| 20:37 | Create | Spearman |
| 20:45 | Build | Town Center |
| 20:50 | Create | Monk |
| 20:53 | Create | Villager (Male) |
| 21:04 | Create | Spearman |
| 21:06 | Build | Farm |
| 21:15 | Build | House |
| 21:17 | Build | House |
| 21:24 | Create | Monk |
| 21:28 | Build | House |
| 21:28 | Create | Villager (Male) |
| 21:28 | Create | Villager (Male) |
| 21:29 | Create | Villager (Male) |
| 21:40 | Create | Villager (Male) |
| 22:00 | Build | House |
| 22:02 | Build | House |
| 22:06 | Research | Pikeman (upgrade) |
| 22:06 | Create | Villager (Male) |
| 22:09 | Create | Villager (Male) |
| 22:09 | Create | Villager (Male) |
| 22:18 | Create | Villager (Male) |
| 22:25 | Build | Siege Workshop |
| 22:41 | Build | Farm |
| 22:43 | Build | Farm |
| 22:44 | Create | Villager (Male) |
| 22:58 | Create | Villager (Male) |
| 22:58 | Create | Villager (Male) |
| 23:13 | Build | Farm |
| 23:24 | Create | Villager (Male) |
| 23:33 | Create | Scorpion |
| 23:34 | Build | House |
| 23:35 | Create | Spearman |
| 23:39 | Build | Farm |
| 23:39 | Build | Farm |
| 23:43 | Create | Villager (Male) |
| 23:44 | Create | Villager (Male) |
| 23:46 | Research | Horse Collar |
| 23:50 | Build | Farm |
| 23:51 | Build | Farm |
| 23:59 | Create | Scorpion |
| 24:04 | Build | Outpost |
| 24:05 | Create | Villager (Male) |
| 24:07 | Create | Villager (Male) |
| 24:17 | Create | Battering Ram |
| 24:27 | Create | Villager (Male) |
Match timeline
| 2:42 | Oni.FeAge · first_building Barracks |
| 2:59 | AKD · wall_segment Palisade Wall x1 |
| 3:41 | AKD · wall_segment Palisade Wall x1 |
| 3:42 | AKD · wall_segment Palisade Wall x1 |
| 3:43 | AKD · wall_segment Palisade Wall x1 |
| 5:05 | AKD · wall_segment Palisade Wall x1 |
| 5:06 | AKD · wall_segment Palisade Wall x1 |
| 5:06 | AKD · wall_segment Palisade Wall x1 |
| 5:07 | AKD · wall_segment Palisade Wall x1 |
| 5:23 | AKD · wall_segment Palisade Wall x1 |
| 5:24 | AKD · wall_segment Palisade Wall x1 |
| 5:44 | AKD · wall_segment Palisade Wall x1 |
| 5:45 | AKD · wall_segment Palisade Wall x1 |
| 7:04 | AKD · wall_segment Palisade Wall x1 |
| 7:09 | AKD · wall_segment Palisade Wall x2 |
| 7:40 | AKD · wall_segment Palisade Wall x1 |
| 7:40 | Oni.FeAge · wall_segment Palisade Wall x14 |
| 7:47 | AKD · wall_segment Palisade Wall x1 |
| 7:48 | AKD · wall_segment Palisade Wall x1 |
| 7:49 | AKD · wall_segment Palisade Wall x1 |
| 7:51 | AKD · wall_segment Palisade Wall x1 |
| 7:51 | AKD · wall_segment Palisade Wall x1 |
| 7:52 | AKD · wall_segment Palisade Wall x1 |
| 7:53 | AKD · wall_segment Palisade Wall x1 |
| 7:53 | AKD · wall_segment Palisade Wall x1 |
| 8:35 | AKD · wall_segment Palisade Wall x1 |
| 8:36 | AKD · wall_segment Palisade Wall x1 |
| 8:38 | AKD · wall_segment Palisade Wall x1 |
| 8:40 | AKD · wall_segment Palisade Wall x1 |
| 8:42 | AKD · wall_segment Palisade Wall x1 |
| 8:55 | Oni.FeAge · wall_segment Palisade Wall x6 |
| 8:57 | AKD · wall_segment Palisade Wall x1 |
| 8:58 | AKD · wall_segment Palisade Wall x1 |
| 8:59 | AKD · wall_segment Palisade Wall x2 |
| 9:09 | AKD · wall_segment Palisade Wall x1 |
| 10:42 | Oni.FeAge · wall_segment Palisade Wall x3 |
| 11:11 | Oni.FeAge · wall_segment Palisade Wall x1 |
| 11:51 | AKD · wall_segment Palisade Wall x1 |
| 12:37 | AKD · first_building Barracks |
| 12:59 | Oni.FeAge · age_up feudal |
| 13:35 | AKD · age_up feudal |
| 13:37 | AKD · first_building Stable |
| 14:29 | Oni.FeAge · first_market_sell 100 wood |
| 14:30 | Oni.FeAge · first_market_buy 100 food |
| 17:56 | AKD · age_up castle |
| 20:12 | Oni.FeAge · age_up castle |
| 20:17 | AKD · first_building Monastery |
| 20:17 | Oni.FeAge · first_building Monastery |
| 22:25 | Oni.FeAge · first_building Siege Workshop |
| 23:32 | AKD · first_building Archery Range |
| 27:01 | AKD · first_building Siege Workshop |
| 27:09 | Oni.FeAge · first_building Castle |
| 27:24 | AKD · first_building Castle |
| 29:30 | AKD · first_market_sell 100 food |
| 31:56 | AKD · wall_segment Stone Wall x1 |
| 32:24 | AKD · age_up imperial |
| 34:18 | Oni.FeAge · age_up imperial |
| 38:55 | AKD · first_market_buy 100 stone |
| 40:59 | Oni.FeAge · resign |
[ AI ANALYSIS · 1 CREDIT ]
What really happened in this match?
Wolo.gg analyzes every decision: build order, eco, micro, common mistakes by bracket. Personalized analysis on WhatsApp or Discord in 30 seconds.
Civ guide
Persians
Perfil
AKD